groovejumper, neutral female human Wizard ----------- ----------- ----------- ----------- |.........| |.........| |.........| |.........| |.........| |...<......#######-.........| |........>| |.........| |.........| |..........####%##|.........| |.........| |.........| |.........| #-.........| |.........-#######..........| |.........| |.........| --------.-- ----.------ ----------- ---.------- ####### ## ### # # # ## ## ## -|--------- ------.---- ----------- ------.---- |..........###### |.........| |...[%[)[[| |.........| |.........| # |........^.###### |.[[.[[[[[| |.........| |.........| ##..........| # |.@)[[[[[[| |.........| |.........| |.........| ##-.[%[[[[)[| |.........| |.........| |.........| |.[[[@m[[[| |.........| ----------- ----------- ----------- ----------- groovejumper the Thaumaturge Experience level: 6 Strength: 11 Dexterity: 12 Constitution: 16 Intelligence: 15 Wisdom: 12 Charisma: 11 Health: 0(46) Energy: 38(58) AC: 6 Gold: 0 Moves: 3817 Your Inventory: Weapons a - a blessed +3 quarterstaff (weapon in hands) Armor b - an uncursed +0 cloak of magic resistance (being worn) l - an uncursed +0 leather armor (being worn) m - an [uncursed +0] pair of fencing gloves [gauntlets of power] q - an [uncursed +0] pair of padded gloves [leather] u - an [uncursed +0] plumed helmet [of brilliance] w - an uncursed +1 pair of water walking boots y - an uncursed +0 pair of elven boots (being worn) K - an uncursed +0 cloak of invisibility and searching Comestibles h - 4 [uncursed] food rations D - an [uncursed] lembas wafer Y - an [uncursed] cram ration Scrolls i - an uncursed scroll of teleportation v - a blessed scroll of genocide x - an uncursed scroll of enchant weapon z - 2 uncursed scrolls of blank paper B - an uncursed scroll of charging E - an uncursed scroll of magic mapping F - a blessed scroll of flood I - a blessed scroll of create monster L - 2 uncursed scrolls of flood O - an uncursed scroll of enchant weapon R - an uncursed scroll of flood S - an uncursed scroll of stinking cloud T - an uncursed scroll of gold detection V - a cursed scroll of enchant armor Z - a cursed scroll of food detection Spellbooks c - an [uncursed] spellbook of magic missile p - a blessed spellbook of force bolt H - an uncursed spellbook of healing Potions f - 2 uncursed potions of restore ability g - 2 uncursed potions of water n - 2 uncursed potions of object detection o - an uncursed potion of gain ability s - an uncursed potion of water t - an uncursed potion of invisibility A - an uncursed potion of hallucination M - an uncursed diluted potion of fruit juice P - a cursed potion of invisibility Q - an uncursed potion of enlightenment W - a [blessed] potion of invisibility X - an uncursed potion of levitation Rings d - a blessed +1 ring of gain dexterity (on right hand) e - an uncursed ring of polymorph control r - a blessed +0 ring of increase damage U - an uncursed ring of teleport control Tools k - an [uncursed] key [skeleton key] Spells known in the end: Name Level Category Fail Memory a - force bolt 1 attack 0% [|||||||.] b - cure blindness 2 healing 65% [|||||||.] c - wizard lock 2 matter 65% [||||||||] d - healing 1 healing 0% [||||||||] e - magic missile 2 attack 0% [||||||||] Your skills at the end: Fighting Skills Weapon Skills quarterstaff [Basic / Expert] Spellcasting Skills attack spells [Basic / Expert] enchantment spells [Basic / Skilled] Final Attributes: You were piously aligned. Hunger level was 913. Your alignment was 25 / 29. Monster difficulty range was 1 - 6. Level difficulty was 6. You were magic-protected. You were telepathic. You were stealthy. Your luck was zero. You are dead. Vanquished creatures: 4 small mimics 2 leprechauns an orc mummy an ogre an owlbear a gold golem a gnome mummy an imp 2 water nymphs 2 enormous rats a shrieker 3 elf zombies a ghoul a paper golem a little dog 3 floating eyes a homunculus a hill orc a centipede a giant bat 2 werejackals 3 iguanas a gas spore a hobgoblin a brown mold a yellow mold a green mold a gnome 9 Keystone Kops 2 geckos 7 jackals a goblin a sewer rat 3 grid bugs 2 lichens 8 newts 74 creatures vanquished. Voluntary challenges: You were an atheist. You used a wielded weapon 63 times. You read items or engraved 32 times. You put on armor 4 times. You never genocided any monsters. You never polymorphed an object. You never changed form. You used no wishes. You wrote Elbereth's name 12 times. You never encountered a bones level. You never used any Sokoban shortcuts. Dungeon overview: The Dungeons of Doom: levels 1 to 8 Level 1 a long staircase Level 3 a general store, a sink a long staircase Level 5 a scroll shop Level 6 <- You were here an armor shop Level 8 many fountains History has recorded: On T:1 you entered the Dungeons of Doom to retrieve the Amulet of Yendor! On T:331 you reached level 2 of The Dungeons of Doom. On T:460 you reached level 3 of The Dungeons of Doom. On T:520 you reached level 4 of The Dungeons of Doom. On T:575 you advanced to experience level 2. On T:661 you advanced to experience level 3. On T:770 you reached level 5 of The Dungeons of Doom. On T:916 you reached level 6 of The Dungeons of Doom. On T:1057 you reached level 7 of The Dungeons of Doom. On T:1091 you advanced to experience level 4. On T:1106 you reached level 8 of The Dungeons of Doom. On T:1475 you received advice from The Oracle. On T:1475 you advanced to experience level 5. On T:2070 you advanced to experience level 6. Latest messages: You miss the small mimic. You hit the small mimic! The small mimic hits! [HP-10=8] You write "Elbereth" with your fingers into the dust. [2 turns] The spell hits the small mimic! The small mimic is killed! You see here a small mimic corpse (5 zorkmids). [HP+1=9] You see here a leather armor (5 zorkmids). [2 turns] You see here a scale mail (45 zorkmids). You see here a ring mail (100 zorkmids). You see here a bronze plate mail (400 zorkmids). [HP+1=10] [2 turns] Wait! That's a small mimic! You hit the small mimic! The small mimic hits! You die... Boyabai comes and takes all your possessions. Final status: Goodbye groovejumper the Wizard... You died in The Dungeons of Doom on dungeon level 6 with 2311 points, and 0 pieces of gold, after 3817 moves. You were level 6 with a maximum of 46 hit points when you died.